 Dungeon Crawl Stone Soup version 0.31-a0-358-gac0dbeb3ab (webtiles) character file.

Game seed: 9267990897985505975

118 hashsling the Conjurer (level 5, -7/37 HPs)
             Began as a Human Hedge Wizard on July 25, 2023.
             Killed by divine providence
             ... invoked by an orc priest
              (14 damage)
             ... on level 4 of the Dungeon.
             The game lasted 00:08:58 (3460 turns).

hashsling the Conjurer (Human Hedge Wizard)         Turns: 3460, Time: 00:09:00

Health: -7/37      AC:  4    Str: 11    XL:     5   Next: 23%
Magic:  0/9        EV: 12    Int: 16    God:
Gold:   89         SH:  0    Dex: 12    Spells: 5/10 levels left

rFire   . . .        a - +0 dagger
rCold   + . .        (no shield)
rNeg    . . .        q - +2 robe {rC+}
rPois   .            c - +0 hat
rElec   .            (no cloak)
rCorr   .            (no gloves)
SInv    .            (no boots)
Will    .....        (no amulet)
Stlth   ++           (no ring)
HPRegen 0.26/turn    (no ring)
MPRegen 0.11/turn

%: no passive effects
@: no status effects
A: no striking features
a: no special abilities


You were on level 4 of the Dungeon.
You visited 1 branch of the dungeon, and saw 4 of its levels.

You collected 181 gold pieces.
You spent 92 gold pieces at shops.

Inventory:

Hand Weapons
 a - a +0 dagger (weapon)
Armour
 c - a +0 hat (worn)
 q - a +2 robe of cold resistance (worn)
Scrolls
 b - a scroll of revelation {unknown}
 e - a scroll of brand weapon {unknown}
 h - a scroll of vulnerability
 k - 3 scrolls of teleportation
 n - a scroll of fog {unknown}
 o - a scroll of amnesia {unknown}
 r - a scroll of enchant armour {unknown}
Potions
 d - 2 potions of magic
 f - 2 potions of enlightenment
 g - a potion of heal wounds
 i - a potion of curing {unknown}
 j - a potion of resistance {unknown}
 l - a potion of might {unknown}
 m - a potion of ambrosia
 p - a potion of brilliance {unknown}


   Skills:
 - Level 1.0 Fighting
 - Level 2.0 Dodging
 - Level 2.0 Stealth
 + Level 3.1 Spellcasting
 * Level 4.3 Conjurations
 - Level 1.0 Summonings
 - Level 1.0 Translocations


You had 5 spell levels left.
You knew the following spells:

 Your Spells              Type           Power      Damage    Failure   Level
a - Magic Dart            Conj           64%        1d6       3%          1
b - Blink                 Tloc           10%        N/A       19%         2
c - Call Imp              Summ           10%        N/A       19%         2

Your spell library contained the following spells:

 Spells                   Type           Power      Damage    Failure   Level
 Slow                     Hex            8%         N/A       19%         1
 Cigotuvi's Dreadful Rot  Necr/Pois/Air  4%         N/A       28%         2
 Mephitic Cloud           Conj/Pois/Air  7%         N/A       30%         3


Dungeon Overview and Level Annotations

Branches:
Dungeon (4/15)
 Temple: D:4-7

Altars:
Dithmenos
Elyvilon

Shops:
D:4 [


Message History

Your cerulean imp hits the orc priest with a -4 spear.
Something barely misses your cerulean imp.
The orc barely misses your cerulean imp.
Aiming: Magic Dart (safe; 3% risk of failure)
Press: ? - help, Q - select action, (/) - cycle Shift-Dir - straight line, f/p - orc priest
Aim: an orc priest, wielding a +0 club and wearing a +0 leather armour (lightly wounded, ally target, 100% to hit)
The magic dart hits the orc priest but does no damage.
The orc priest is lightly wounded.
Your cerulean imp hits the orc priest but does no damage.
Aiming: Magic Dart (safe; 3% risk of failure)
Press: ? - help, Q - select action, (/) - cycle Shift-Dir - straight line, f/p - orc priest
Aim: an orc priest, wielding a +0 club and wearing a +0 leather armour (lightly wounded, ally target, 100% to hit)
The magic dart hits the orc priest.
The orc priest is moderately wounded.
Your cerulean imp hits the orc priest with a -4 spear.
The orc priest closely misses your cerulean imp.
Aiming: Magic Dart (safe; 3% risk of failure)
Press: ? - help, Q - select action, (/) - cycle Shift-Dir - straight line, f/p - orc priest
Aim: an orc priest, wielding a +0 club and wearing a +0 leather armour (heavily wounded, ally target, 100% to hit)
The magic dart hits the orc priest but does no damage.
The orc priest is heavily wounded.
Your cerulean imp barely misses the orc priest.
The orc priest looks encouraged for a moment.
Something misses your cerulean imp.
The orc priest hits you but does no damage.
Your cerulean imp misses the orc priest.
You hit the orc priest.
The orc priest is severely wounded.
The orc priest invokes the aid of Beogh against you.
Beogh smites you! The orc priest barely misses you.
The orc hits your cerulean imp with a +0 short sword.
Your cerulean imp hits the orc priest but does no damage.
You closely miss the orc priest.
The orc priest is heavily wounded.
The orc priest calls down the wrath of Beogh upon you.
Beogh smites you!
* * * LOW HITPOINT WARNING * * *
The orc priest invokes the aid of Beogh against you.
Beogh smites you!
You die...

............# ....#
......).....##+###....##
........................
.....................#
....................#
.....####..........>#
...## #......#'#### ...#
#......#.# ...
######.#@# ## #.o)#
........## ....o5..#
....o)..# ........#
........# ..>......
..$...)..


You could see 2 orc priests, an orc and a friendly cerulean imp (summoned).

Vanquished Creatures
  An orc wizard (D:4)
  3 adders
  3 dart slugs
  3 orcs (D:4)
  6 bats
  6 endoplasms
  2 giant cockroaches (D:4)
  4 goblins
  4 jackals (D:1)
  5 quokkas
  6 ball pythons
  3 frilled lizards
  4 kobolds
  6 rats
56 creatures vanquished.

Notes
Turn   | Place    | Note
-------+----------+-------------------------------------------
     0 | D:1      | hashsling the Human Hedge Wizard began the quest for the
                  | Orb.
     0 | D:1      | Reached XP level 1. HP: 13/13 MP: 4/4
   337 | D:1      | Reached XP level 2. HP: 20/20 MP: 0/6
   398 | D:1      | Learned a level 2 spell: Blink
   401 | D:1      | Learned a level 2 spell: Call Imp
   625 | D:1      | Reached skill level 2 in Conjurations
   639 | D:1      | Reached skill level 1 in Fighting
   920 | D:1      | Reached XP level 3. HP: 26/26 MP: 5/7
   944 | D:1      | Found a faded altar of an unknown god.
  2227 | D:3      | Reached skill level 3 in Conjurations
  2533 | D:3      | Found a shadowy altar of Dithmenos.
  2542 | D:3      | Found a white marble altar of Elyvilon.
  2660 | D:3      | Reached XP level 4. HP: 32/32 MP: 5/8
  2997 | D:4      | Found Hyraost's Antique Armour Shoppe.
  3000 | D:4      | Bought a glowing robe for 92 gold pieces
  3273 | D:4      | Reached skill level 4 in Conjurations
  3290 | D:4      | Reached XP level 5. HP: 9/37 MP: 5/9
  3460 | D:4      | Killed from afar by an orc priest

Illustrated notes

Levels and vault maps discovered:
D:1:      sevenhm_arrival_forest_fort_large_4, layout_loops_corners,
          chequers_ecumenical_altar_grove
D:2:      layout_basic
D:3:      layout_basic, mainiacjoe_overflow_swirl, grunt_decor_arrowhead
D:4:      layout_basic, minmay_temple_entry_antechambers, serial_shops, shop

Skill      XL: |  1  2  3  4 |
---------------+-------------+-----
Conjurations   | 2 3 4 |  4.3
Fighting       | 1 |  1.0
Dodging        | |  2.0
Stealth        | |  2.0
Spellcasting   | |  3.1
Summonings     | |  1.0
Translocations | |  1.0

Action                     |  1- 3 |  4- 6 || total
---------------------------+-------+-------++-------
  Melee: Dagger            |     3 |    24 ||    27
   Cast: Magic Dart        |    89 |    47 ||   136
         Call Imp          |       |     2 ||     2
    Use: Scroll            |     5 |       ||     5
         Potion            |       |     1 ||     1
 Armour: Robe              |     4 |    24 ||    28
  Dodge: Dodged            |     5 |    22 ||    27

Table legend: (Time is in decaauts)
 A = Elapsed time spent in this place.
 B = Non-inter-level travel time spent in this place.
 C = Inter-level travel time spent in this place.
 D = Time resting spent in this place.
 E = Time spent auto-exploring this place.
 F = Levels seen in this place.
 G = Mean time per level.
                   A        B        C        D        E       F      G
               +--------+--------+--------+--------+--------+-----+--------+
         Total |   3460 |   3392 |     68 |      0 |   2965 |   4 |  865.0 |
       Dungeon |   3460 |   3392 |     68 |      0 |   2965 |   4 |  865.0 |
               +--------+--------+--------+--------+--------+-----+--------+

Top non-repeatable levels by time:
     D:1: 1464 daAuts
     D:3: 896 daAuts
     D:2: 702 daAuts
     D:4: 397 daAuts
